 Dungeon Crawl Stone Soup version 0.23.1-37-gaa34b87b72 (webtiles) character file.

Game seed: 5125851733484630394

5461 PikkenKukken the Spear-Bearer (level 10, -3/79 HPs)
             Began as a Merfolk Gladiator on Mar 20, 2019.
             Was an Initiate of Gozag.
             Slain by a sixfirhy (9 damage)
             ... summoned by a kobold demonologist
             ... on level 7 of the Dungeon.
             The game lasted 00:17:10 (8080 turns).

PikkenKukken the Spear-Bearer (Merfolk Gladiator)   Turns: 8080, Time: 00:17:12

Health: -3/79      AC:  4    Str: 18    XL:     10   Next: 68%
Magic:  13/13      EV: 10    Int: 13    God:    Gozag
Gold:   1877       SH:  0    Dex: 18    Spells: 9/9 levels left

rFire    . . .     SeeInvis .   q - +2 trident (vamp)
rCold    . . .     Gourm    .   (no shield)
rNeg     + . .     Faith    .   o - +1 plate armour of Veblagar {Int+3} (curse)
rPois    +         Spirit   .   z - +2 helmet
rElec    .         Reflect  .   c - +2 ratskin cloak {+Rats rPois rN+ Str-1 Int-1 Dex+1}
rCorr    .         Harm     .   (no gloves)
MR       .....                  (no boots)
Stlth    ..........             (no amulet)
HPRegen  0.23/turn              n - +3 ring of intelligence
MPRegen  0.13/turn              w - +3 ring of strength

@: corroded
A: change form in water, swift swim, stealthy swim
a: Potion Petition, Call Merchant, Bribe Branch, Renounce Religion, Evoke
Ratskin


You were on level 7 of the Dungeon.
You worshipped Gozag.
Gozag was most pleased with you.
You were not hungry.

You visited 1 branch of the dungeon, and saw 8 of its levels.
You also visited: Ossuary.

You collected 1966 gold pieces.
You paid 89 gold pieces to Gozag.

Inventory:

Hand Weapons
 a - a +0 trident of flaming
 q - a +2 vampiric trident (weapon)
Missiles
 d - 3 throwing nets
 g - 21 tomahawks (quivered)
Armour
 c - the +2 ratskin cloak (worn) {+Rats rPois rN+ Str-1 Int-1 Dex+1}
   (You found it on level 7 of the Dungeon)

   It affects your strength (-1).
   It affects your intelligence (-1).
   It affects your dexterity (+1).
   It protects you from poison.
   It protects you from negative energy.
 l - a +0 scale mail
 o - the cursed +1 plate armour of Veblagar (worn) {Int+3}
   (You found it on level 4 of the Dungeon)

   It affects your intelligence (+3).
   It has a curse placed upon it.
 z - a +2 helmet (worn)
Jewellery
 n - a +3 ring of intelligence (left hand)
 w - a +3 ring of strength (right hand)
Wands
 e - a wand of iceblast (9)
 i - a wand of random effects (17)
 m - a wand of flame (18)
 A - a wand of paralysis (11)
Scrolls
 h - 3 scrolls of teleportation
 k - a scroll of identify
 t - 5 scrolls of remove curse
 v - a scroll of magic mapping
 x - a scroll of enchant weapon
 y - a scroll of amnesia
Potions
 b - 2 potions of lignification
 j - a potion of mutation
 p - 4 potions of might
 r - a potion of cancellation {unknown}
 s - 2 potions of magic {unknown}
 u - a potion of berserk rage {unknown}
Comestibles
 f - 10 rations


   Skills:
 + Level 7.2 Fighting
 - Level 12.0 Polearms
 - Level 2.0 Throwing
 - Level 7.0 Armour
 + Level 7.8 Dodging
 - Level 5.0 Evocations


You had 9 spell levels left.
You didn't know any spells.
Your spell library contained the following spells:

 Spells                   Type           Power        Failure   Level  Hunger
 Freeze                   Ice            #...         100%        1    ##.....
 Throw Frost              Conj/Ice       #.....       100%        2    ###....
 Ozocubu's Armour         Chrm/Ice       #.......     100%        3    ####...
 Summon Ice Beast         Ice/Summ       #.......     100%        4    #####..
 Throw Icicle             Conj/Ice       #.......     100%        4    #####..


Dungeon Overview and Level Annotations

Branches:
Dungeon (8/15)             Temple (0/1) D:7            Lair (0/6) D:8

Altars:
Ashenzari
Cheibriados
Dithmenos
Gozag
Hepliaklqana
Nemelex Xobeh
Okawaru
Ru
Uskayaw
Zin

Annotations:
D:8 1 runed translucent door, Chiseanne's ghost, novice GnWn


Message History

The red devil hits you from afar with a +0 trident!
Things that are here:
a +0 dagger; a +0 robe The kobold demonologist mumbles some strange words.
The red devil hits you from afar with a +0 trident!
Things that are here:
a cursed +0 robe; a +0 dagger The kobold demonologist mumbles some strange words.
The sixfirhy hits you! The sixfirhy shocks you!
* * * LOW HITPOINT WARNING * * *
You see here a +0 giant spiked club.
The sixfirhy barely misses you. The sixfirhy hits you.
* * * LOW HITPOINT WARNING * * *
The sixfirhy shocks you!
* * * LOW HITPOINT WARNING * * *
The sixfirhy hits you.
* * * LOW HITPOINT WARNING * * *
The sixfirhy shocks you!
You die...
Your body crumbles into a pile of gold.

..# ####### #.....##.#r##...#
#.#####[....# #.###.###.#.#...##
#.....#.....####.###...#####....<
#.#.#.#.....[....#.>[............
......#............()...........p
#.#.###......##..#....#####.....#
#.#.# ######.##....##.##.........
....#######......###...###....)..
#.####.......###@##.....##.......
#.# #.......[..3#.......#.......
#.####.####.........._...........
#....)....#......#)......#.#...#.
######.##.......###4....##.......
#..........# ##K).########>.
#..........# ##)##...####.#
############ #5...........
#............


You could see a kobold demonologist, a sixfirhy, a red devil and a white imp.

Vanquished Creatures
  Pikel (D:7)
  Maurice (D:8)
  Psyche (D:8)
  Prince Ribbit (D:7)
  A hippogriff (D:7)
  Eustachio (D:3)
  2 hungry ghosts
  2 soldier ants (D:8)
  2 wargs (D:8)
  A water moccasin (D:8)
  2 orc warriors
  A black bear (D:7)
  An ice beast (D:8)
  A sky beast (D:7)
  7 ogres
  2 centaurs
  2 bullfrogs
  A scorpion (D:7)
  3 wights (D:8)
  2 crimson imps
  2 centaur zombies (Ossuary)
  A bullfrog zombie (D:5)
  A hound (D:7)
  2 jellies
  A centaur skeleton (D:3)
  6 orc priests
  2 human zombies (Ossuary)
  2 iguanas
  12 orc wizards
  7 worker ants
  3 hell rats (D:7)
  4 hound zombies (Ossuary)
  4 mummies
  7 adders
  3 gnolls (D:3)
  4 river rats (D:7)
  3 shadow imps
  3 oozes
  3 adder zombies (Ossuary)
  4 worms
  7 dart slugs
  4 leopard geckos
  29 orcs
  4 giant cockroaches
  A gnoll zombie (Ossuary)
  9 goblins
  12 hobgoblins
  11 jackals
  2 quokkas
  3 bats (D:2)
  4 goblin zombies (Ossuary)
  3 hobgoblin zombies (Ossuary)
  A jackal skeleton (D:6)
  4 jackal zombies
  2 kobolds
  5 kobold zombies (Ossuary)
  A leopard gecko skeleton (D:5)
  A leopard gecko zombie (D:5)
  2 orc zombies (Ossuary)
  3 quokka zombies
  22 rats
  6 rat zombies (Ossuary)
245 creatures vanquished.

Vanquished Creatures (others)
  An orc (D:6)
  5 toadstools (D:1)
6 creatures vanquished.

Grand Total: 251 creatures vanquished

Notes
Turn   | Place    | Note
-------+----------+-------------------------------------------
     0 | D:1      | PikkenKukken the Merfolk Gladiator began the quest for the
                  | Orb.
     0 | D:1      | Reached XP level 1. HP: 16/16 MP: 1/1
    41 | D:1      | Reached XP level 2. HP: 18/23 MP: 2/2
   488 | D:1      | Reached XP level 3. HP: 28/28 MP: 3/3
   783 | D:2      | You fall through a shaft!
   852 | D:3      | Reached skill level 5 in Polearms
   990 | D:2      | Reached skill level 1 in Armour
  1036 | D:2      | Reached XP level 4. HP: 29/34 MP: 4/4
  1707 | D:3      | Found an opulent altar of Gozag.
  1790 | D:3      | Became a worshipper of Gozag Ym Sagoz the Greedy
  2039 | D:3      | Reached skill level 5 in Dodging
  2039 | D:3      | Reached XP level 5. HP: 38/41 MP: 5/5
  2796 | D:3      | Reached skill level 6 in Polearms
  2809 | D:3      | Reached XP level 6. HP: 19/48 MP: 6/6
  3254 | D:4      | Found a hide-covered altar of Uskayaw.
  3254 | D:4      | Found a glowing silver altar of Zin.
  3648 | D:4      | Noticed Eustachio
  4119 | D:3      | Killed Eustachio
  4119 | D:3      | Reached XP level 7. HP: 54/55 MP: 7/7
  4243 | D:4      | Identified the cursed +1 plate armour of Veblagar {Int+3}
                  | (You found it on level 4 of the Dungeon)
  4470 | D:5      | Entered Level 5 of the Dungeon
  4483 | D:5      | Reached skill level 7 in Polearms
  4563 | D:5      | Found a sand-covered staircase.
  4579 | Ossuary  | Entered an ossuary
  4680 | Ossuary  | Reached skill level 5 in Fighting
  4907 | Ossuary  | Reached XP level 8. HP: 42/63 MP: 8/8
  4922 | Ossuary  | Reached skill level 8 in Polearms
  5030 | D:5      | Found a hazy altar of Hepliaklqana.
  5699 | D:6      | Reached skill level 9 in Polearms
  5728 | D:6      | Found a shadowy altar of Dithmenos.
  5729 | D:6      | Found a snail-covered altar of Cheibriados.
  5933 | D:6      | Found an iron altar of Okawaru.
  6030 | D:6      | Found a shattered altar of Ashenzari.
  6082 | D:7      | Found a sacrificial altar of Ru.
  6141 | D:7      | Reached skill level 5 in Armour
  6199 | D:7      | Reached XP level 9. HP: 68/69 MP: 9/9
  6244 | D:7      | Noticed Prince Ribbit
  6294 | D:7      | Reached skill level 10 in Polearms
  6316 | D:7      | Killed Prince Ribbit
  6564 | D:7      | Found the +2 ratskin cloak {+Rats rPois rN+ Str-1 Int-1
                  | Dex+1}
  6939 | D:7      | Found a staircase to the Ecumenical Temple.
  6962 | D:7      | Found a sparkling altar of Nemelex Xobeh.
  6971 | D:7      | Noticed Pikel
  7002 | D:7      | Killed Pikel
  7002 | D:7      | Reached skill level 11 in Polearms
  7002 | D:7      | Reached skill level 1 in Evocations
  7201 | D:8      | Noticed Psyche
  7246 | D:8      | Reached XP level 10. HP: 70/76 MP: 11/11
  7388 | D:8      | Reached skill level 12 in Polearms
  7416 | D:8      | Found a runed translucent door.
  7417 | D:8      | Noticed Chiseanne's ghost (novice GnWn)
  7685 | D:8      | Reached skill level 5 in Evocations
  7772 | D:8      | Killed Psyche
  7825 | D:8      | Found a staircase to the Lair.
  7933 | D:8      | Noticed Maurice
  7981 | D:8      | Killed Maurice
  8028 | D:8      | Noticed a kobold demonologist
  8031 | D:8      | Noticed a rust devil
  8060 | D:8      | Noticed a sun demon
  8076 | D:7      | Noticed a sixfirhy
  8080 | D:7      | Slain by a sixfirhy

Skill      XL: |  1  2  3  4  5  6  7  8  9 10 |
---------------+-------------------------------+-----
Polearms       | 5 6 7 9 11 12 | 12.0
Armour         | 1 2 3 5 7 |  7.0
Fighting       | 3 4 5 6 7 |  7.2
Dodging        | 5 6 7 |  7.8
Evocations     | 2 5 |  5.0
Throwing       | |  2.0

Action                   |  1- 3 |  4- 6 |  7- 9 | 10-12 || total
-------------------------+-------+-------+-------+-------++-------
Melee: Trident           |   104 |   291 |   636 |   247 ||  1278
       Tailslap          |     2 |     1 |     3 |       ||     6
Throw: Throwing net      |       |     2 |       |       ||     2
       Tomahawk          |       |       |       |     1 ||     1
 Abil: Evoke Ratskin     |       |       |     1 |       ||     1
  Use: Scroll            |     2 |     5 |     8 |     3 ||    18
       Potion            |       |     1 |       |     1 ||     2
 Stab: Sleeping          |     2 |       |       |       ||     2
       Held in net/web   |       |     1 |       |       ||     1
       Distracted        |       |       |     4 |     3 ||     7
  Eat: Chunk             |       |     3 |       |       ||     3
       Ration            |       |     2 |     6 |     2 ||    10
Armor: Leather armour    |    15 |     3 |       |       ||    18
       Scale mail        |       |    72 |    79 |       ||   151
       Plate armour      |       |       |   159 |    97 ||   256
Dodge: Dodged            |    60 |   139 |   238 |    67 ||   504
